 Dungeon Crawl Stone Soup version 0.28-a0-1447-ga5a8893891 (webtiles) character file.

Game seed: 13210564740536076998

15401 oldriver the Fighter (level 12, -1/91 HPs)
             Began as a Formicid Chaos Knight on Jan 11, 2022.
             Was a Plaything of Xom.
             Succumbed to a swamp drake's noxious blast
             ... on level 2 of the Lair of Beasts.
             The game lasted 00:17:11 (9906 turns).

oldriver the Fighter (Formicid Chaos Knight)        Turns: 9906, Time: 00:17:12

Health: -1/91      AC: 23    Str: 32 (33) XL:     12   Next: 57%
Magic:  13/13      EV: 14    Int: 14      God:    Xom [*.....]
Gold:   450        SH:  9    Dex: 13      Spells: 11/11 levels left

rFire   + . .      SeeInvis +   a - +1 hand axe (chaos)
rCold   + . .      Faith    .   y - +0 kite shield
rNeg    . . .      Spirit   .   p - +6 chain mail "Tumimiora" {Drain rF+ Str+4 Dex+5}
rPois   .          Reflect  .   (helmet unavailable)
rElec   .          Harm     .   k - +0 cloak
rCorr   .          Rampage  .   J - +2 pair of gloves {Str+3}
Will    ++...      Clarity  +   i - +3 pair of boots of Omission {Will+}
Stlth   ..........              q - amulet of regeneration
HPRegen 1.85/turn               C - +6 ring of strength
MPRegen 0.13/turn               u - +4 ring of evasion

@: lethally poisoned (-1 -> -5)
A: permanent stasis, dig shafts and tunnels, antennae 3, four strong arms, fangs
1, clarity, clumsy 1, cold resistance 1, deformed body, frail 1, high mp 1,
regeneration 1, evolution 1, MP-powered wands
a: Dig, Shaft Self, Renounce Religion


You were on level 2 of the Lair of Beasts.
You worshipped Xom.
You were a special plaything of Xom.
You visited 2 branches of the dungeon, and saw 12 of its levels.

You collected 738 gold pieces.
You spent 288 gold pieces at shops.

Inventory:

Hand Weapons
 a - a +1 hand axe of chaos (weapon)
 c - a +1 vorpal flail
Missiles
 b - a throwing net
 w - 2 datura-tipped darts
Armour
 i - the +3 pair of boots of Omission (worn) {Will+}
   (You acquired it on level 3 of the Dungeon)

   Will:      It increases your willpower.
 k - a +0 cloak (worn)
 p - the +6 chain mail "Tumimiora" (worn) {Drain rF+ Str+4 Dex+5}
   (You found it on level 4 of the Dungeon)

   Str:       It affects your strength (+4).
   Dex:       It affects your dexterity (+5).
   rF:        It protects you from fire.
   Drain:     It drains your maximum health when unequipped.
 y - a +0 kite shield (worn)
 J - a +2 pair of gloves of strength (worn)
Jewellery
 d - a ring of magical power
 l - a ring of positive energy
 q - an amulet of regeneration (around neck)
 t - an amulet of reflection
 u - a +4 ring of evasion (right hand)
 C - a +6 ring of strength (left hand)
Wands
 j - a wand of paralysis (9)
 r - a wand of mindburst (7)
 s - a wand of iceblast (33)
 A - a wand of polymorph (8)
 M - a wand of acid (16)
Scrolls
 e - 7 scrolls of identify
 h - a scroll of holy word
 m - a scroll of vulnerability
 o - a scroll of fog
 v - a scroll of magic mapping
 E - a scroll of torment
 L - a scroll of amnesia
Potions
 f - a potion of brilliance
 B - a potion of mutation


   Skills:
 + Level 12.1 Fighting
 + Level 11.1 Axes
 + Level 11.9 Armour
 - Level 5.0 Dodging
 - Level 5.0 Shields


You had 11 spell levels left.
You didn't know any spells.
Your spell library contained the following spells:

 Spells                   Type           Power      Damage    Failure   Level
 Animate Skeleton         Necr           0%         N/A       91%         1
 Pain                     Necr           0%         1d4       91%         1
 Sublimation of Blood     Necr           0%         N/A       97%         2
 Wereblood                Tmut           0%         N/A       97%         2
 Stone Arrow              Conj/Erth      0%         3d7       100%        3
 Vampiric Draining        Necr           0%         2d6       100%        3
 Animate Armour           Summ/Erth      0%         N/A       100%        4
 Animate Dead             Necr           0%         N/A       100%        4
 Haunt                    Necr/Summ      0%         N/A       100%        7
 Summon Hydra             Summ           0%         N/A       100%        7
 Infestation              Necr           0%         N/A       100%        8
 Lehudib's Crystal Spear  Conj/Erth      0%         10d2      100%        8


Dungeon Overview and Level Annotations

Branches:
Dungeon (10/15)            Temple (0/1) D:4            Lair (2/6) D:10
  Swamp (0/4) Lair:2
 Shoals: Lair:2-4     Snake: Lair:2-4    Spider: Lair:2-4       Orc: D:9-12

Altars:
Ashenzari
Dithmenos
Elyvilon
Fedhas
Makhleb
Ru
Sif Muna
Wu Jian
Xom
Yredelemnul
Beogh

Shops:
D:5 [


Innate Abilities, Weirdness & Mutations

You cannot be hasted, slowed, berserked, paralysed or teleported.
You can dig through walls and to a lower floor.
You have a pair of large antennae on your head. (SInv)
Your four strong arms can wield two-handed weapons with a shield.
You have very sharp teeth.
You possess an exceptional clarity of mind.
You are clumsy. (Dex -2)
Your flesh is cold resistant. (rC+)
Armour fits poorly on your strangely shaped body.
You are frail. (-10% HP)
You have an increased reservoir of magic. (+10% MP)
Your natural rate of healing is unusually fast.
You have hidden genetic potential.
You expend magic power (3 MP) to strengthen your wands.


Message History

The swamp drake breathes poison at you.
The noxious blast engulfs you but does no damage.
You are more poisoned.
You slash the swamp drake!
The swamp drake is severely wounded.
You are engulfed in noxious fumes.
You choke on the stench!
You feel momentarily confused.
* * * LOW HITPOINT WARNING * * *
x2 You feel extremely sick.
The swamp drake breathes poison at you.
The noxious blast engulfs you but does no damage.
You are more poisoned.
Really quaff the potion of mutation?
You feel extremely strange.
You regain control of your magic.
You feel stronger.
You feel frail.
You are engulfed in noxious fumes.
You choke on the stench!
You feel momentarily confused.
* * * LOW HITPOINT WARNING * * *
You feel extremely sick. The swamp drake completely misses you.
You hit the swamp drake.
You bite the swamp drake, but do no damage.
The swamp drake is almost dead.
You are engulfed in noxious fumes.
* * * LOW HITPOINT WARNING * * *
You feel very sick.
The swamp drake bites you but does no damage.
You hit the swamp drake but do no damage.
The swamp drake is almost dead.
* * * LOW HITPOINT WARNING * * *
You feel very sick. The swamp drake barely misses you.
Unknown command.
You barely miss the swamp drake.
The swamp drake is almost dead.
* * * LOW HITPOINT WARNING * * *
You feel very sick.
Unknown command.
You die...
Xom chuckles heartily!

≈≈≈≈. ...# ###....###.##..
..≈≈. ....# ###..#########
.≈≈≈≈......###.P..PP#..#P#.
P.≈≈≈≈ #...................
...≈k≈# #....>.............
...≈≈.. ##.........##......
...≈...####{#.##.##...#.###
P...P...#.####.####÷.###..#
........k#@###{####..##...P
#####......................
##.....................
#P....................
#.P###P.##..#P###.##.. ####
########## ######


There were no monsters in sight!

Vanquished Creatures
  A shambling mangrove (Lair:2)
  Erica (D:10)
  4 death yaks (Lair:2)
  Sonja (D:10)
  A salamander (Lair:1)
  A cane toad (Lair:1)
  Maggie (D:6)
  A rime drake (Lair:2)
  A komodo dragon (Lair:1)
  2 polar bears
  4 hornets
  5 blink frogs (Lair:1)
  A shadow (D:10)
  3 yaks (D:9)
  3 wyverns
  A basilisk (Lair:2)
  5 vampire mosquitoes
  A steam dragon (D:10)
  An acid dragon (D:10)
  3 water moccasins
  Duvessa (D:6)
  A hornet zombie (D:5)
  A swamp drake (Lair:2)
  A black bear (D:8)
  2 necrophages
  6 wolves (Lair:1)
  An ogre (D:4)
  2 centaurs
  2 kobold brigands
  4 bullfrogs
  A gnoll sergeant (D:7)
  2 scorpions (D:7)
  A wyvern skeleton (D:7)
  Dowan (D:6)
  3 howler monkeys (D:10)
  2 bullfrog zombies
  2 jellies
  2 hounds
  3 orc priests
  A centaur skeleton (D:7)
  2 iguanas (D:7)
  Ijyb (D:5)
  8 orc wizards
  A killer bee zombie (D:5)
  A howler monkey zombie (D:9)
  12 gnolls
  5 adders
  2 shadow imps
  A white imp (D:8)
  A worm (D:2)
  6 dart slugs
  19 orcs
  3 ball pythons (D:2)
  3 endoplasms (D:3)
  3 giant cockroaches
  4 goblins
  7 hobgoblins
  9 jackals
  13 kobolds
  A quokka (D:1)
  2 bats (D:2)
  2 frilled lizards (D:2)
  2 rats
188 creatures vanquished.

Vanquished Creatures (collateral kills)
  A hydra (Lair:1)
  A rime drake (Lair:1)
  Grinder (D:6)
  A gnoll shaman (D:7)
4 creatures vanquished.

Vanquished Creatures (others)
  An alligator (Lair:1)
  An ogre (D:7)
  3 fungi (Lair:2)
  11 plants
16 creatures vanquished.

Grand Total: 208 creatures vanquished

Notes
Turn   | Place    | Note
-------+----------+-------------------------------------------
     0 | D:1      | oldriver the Formicid Chaos Knight began the quest for the
                  | Orb.
     0 | D:1      | Reached XP level 1. HP: 18/18 MP: 1/1
    44 | D:1      | Reached skill level 1 in Dodging
    46 | D:1      | XOM: silly message
    51 | D:1      | Reached XP level 2. HP: 21/24 MP: 2/2
   184 | D:1      | XOM: divination: magic mapping
   237 | D:1      | Noticed a shapeshifter
   237 | D:1      | a frilled lizard changed into a shapeshifter
   237 | D:1      | Noticed a merfolk
   237 | D:1      | a shapeshifter changed into a merfolk
   250 | D:1      | XOM: potion effect (invisibility)
   264 | D:1      | XOM: enchant monster (good)
   265 | D:1      | XOM: cast spell 'Disjunction'
   266 | D:1      | XOM: summons 2 friendly demons
   501 | D:2      | XOM: enchant monster (bad)
   508 | D:2      | Reached XP level 3. HP: 27/29 MP: 3/3
   998 | D:2      | XOM: noise
  1067 | D:2      | XOM: noise
  1327 | D:3      | XOM: potion effect (brilliance)
  1384 | D:3      | XOM: god gift: staff of death
  1411 | D:3      | XOM: scenery: create altars
  1437 | D:3      | XOM: god gift: scroll labelled NYCYPNOUTA {god gift}
  1549 | D:3      | XOM: summons 2 hostile demons
  1564 | D:3      | Identified a scroll of acquirement
  1564 | D:3      | Acquired the +3 pair of boots of Omission {Will+}
  1717 | D:3      | XOM: god gift: falchion {god gift}
  1741 | D:3      | Found a blossoming altar of Fedhas.
  1763 | D:3      | Reached XP level 4. HP: 37/37 MP: 4/4
  2154 | D:3      | XOM: silly message
  2161 | D:3      | XOM: give mutations
  2161 | D:3      | Gained mutation: Your mind is acute. (Int +2) [Xom's grace]
  2161 | D:3      | Gained mutation: Your muscles are strong. (Str +2) [Xom's
                  | grace]
  2161 | D:3      | Gained mutation: Your natural rate of healing is unusually
                  | fast. [Xom's grace]
  2161 | D:3      | Gained mutation: Your flesh is heat resistant. (rF+) [Xom's
                  | grace]
  2285 | D:4      | XOM: summons 4 friendly demons
  2292 | D:4      | Reached skill level 4 in Fighting
  2299 | D:4      | Reached XP level 5. HP: 37/42 MP: 5/5
  2352 | D:4      | Found a staircase to the Ecumenical Temple.
  2394 | D:4      | Found an ornate altar of the Wu Jian Council.
  2418 | D:4      | Identified the +6 chain mail "Tumimiora" {Drain rF+ Str+4
                  | Dex+5}
  2452 | D:4      | Reached XP level 6. HP: 29/49 MP: 6/6
  2595 | D:4      | XOM: cloud trail
  2618 | D:4      | Noticed an ogre
  2623 | D:4      | XOM: divination: magic mapping
  2632 | D:4      | Killed an ogre
  2738 | D:4      | XOM: give mutations
  2738 | D:4      | Gained mutation: Your flesh is cold resistant. (rC+) [Xom's
                  | mischief]
  2738 | D:4      | Lost mutation: Your mind is acute. (Int +2) [Xom's
                  | mischief]
  2738 | D:4      | Gained mutation: You are clumsy. (Dex -2) [Xom's mischief]
  2738 | D:4      | Gained mutation: You expend magic power (3 MP) to
                  | strengthen your wands. [Xom's mischief]
  2824 | D:4      | XOM: god gift: 2 datura-tipped darts
  3047 | D:5      | Entered Level 5 of the Dungeon
  3054 | D:5      | XOM: summons friendly quasit
  3064 | D:5      | Reached skill level 5 in Fighting
  3064 | D:5      | Reached XP level 7. HP: 56/56 MP: 7/7
  3093 | D:5      | Noticed a water moccasin
  3105 | D:5      | Killed a water moccasin
  3261 | D:5      | Found a burning altar of Makhleb.
  3274 | D:5      | XOM: give mutation
  3274 | D:5      | Gained mutation: You are partially covered in iridescent
                  | scales. (AC +2) [Xom's grace]
  3293 | D:5      | Found Casyqon's Antique Armour Shoppe.
  3309 | D:5      | Bought a kite shield for 108 gold pieces
  3408 | D:5      | Noticed Ijyb
  3421 | D:5      | Killed Ijyb
  3425 | D:5      | XOM: fog
  3444 | D:5      | Reached skill level 1 in Shields
  3478 | D:5      | XOM: summons 3 friendly demons
  3481 | D:5      | Reached skill level 5 in Axes
  3481 | D:5      | Reached XP level 8. HP: 63/63 MP: 8/8
  3492 | D:5      | Reached skill level 5 in Armour
  3494 | D:5      | XOM: polymorph quasit -> lemure
  3932 | D:6      | Noticed Dowan
  3937 | D:6      | Noticed Duvessa
  3946 | D:6      | Killed Dowan
  3972 | D:6      | XOM: scenery: create altars
  4022 | D:6      | Noticed Grinder
  4038 | D:6      | XOM: summons 8 friendly demons
  4042 | D:6      | Killed Grinder
  4043 | D:6      | Reached skill level 6 in Fighting
  4164 | D:6      | Killed Duvessa
  4468 | D:6      | Reached XP level 9. HP: 64/69 MP: 9/9
  4473 | D:6      | Noticed Maggie
  4507 | D:6      | Killed Maggie
  4511 | D:6      | XOM: silly message
  4545 | D:6      | Found a shadowy altar of Dithmenos.
  4826 | D:6      | Found a sacrificial altar of Ru.
  4835 | D:6      | Found a broken altar of Ashenzari.
  4897 | D:6      | Found a basalt altar of Yredelemnul.
  4902 | D:6      | Found a shimmering blue altar of Sif Muna.
  5091 | D:7      | Reached skill level 5 in Dodging
  5242 | D:7      | XOM: noise
  5329 | D:7      | Reached skill level 7 in Fighting
  5479 | D:7      | XOM: smoke on damage
  5482 | D:7      | XOM: silly message
  5492 | D:7      | XOM: divination: detect creatures
  5509 | D:7      | Reached skill level 5 in Shields
  5589 | D:7      | XOM: cloud trail
  5738 | D:7      | XOM: divination: detect items
  5740 | D:7      | XOM: cast spell 'Summon Small Mammal'
  5745 | D:7      | Reached XP level 10. HP: 75/80 MP: 10/10
  5796 | D:7      | XOM: scenery: create altars
  5805 | D:7      | XOM: give mutations
  5805 | D:7      | Gained mutation: You have sharp toenails. [Xom's grace]
  5805 | D:7      | Gained mutation: You possess an exceptional clarity of
                  | mind. [Xom's grace]
  5805 | D:7      | Gained mutation: You are mostly covered in iridescent
                  | scales. (AC +4) [Xom's grace]
  5884 | D:7      | XOM: god gift: wand of mindburst (5)
  6224 | D:8      | Reached skill level 8 in Fighting
  6226 | D:8      | XOM: summons 2 friendly demons
  6270 | D:8      | Found a shimmering altar of Xom.
  6297 | D:8      | XOM: god gift: wand of iceblast (3)
  6402 | D:8      | XOM: god gift: 33 gold pieces
  6464 | D:5      | Bought a pair of embroidered gloves for 180 gold pieces
  6708 | D:9      | Found a white marble altar of Elyvilon.
  7054 | D:9      | XOM: summons 4 hostile shadow creatures
  7139 | D:9      | Noticed a five-headed hydra
  7167 | D:9      | XOM: scenery: 1 doors open
  7190 | D:9      | Noticed an ice dragon
  7190 | D:9      | a 12-headed hydra changed into an ice dragon
  7194 | D:9      | XOM: confuse monster(s)
  7195 | D:9      | Noticed a glowing shapeshifter
  7195 | D:9      | an ice dragon changed into a glowing shapeshifter
  7195 | D:9      | Noticed a wolf spider
  7195 | D:9      | a glowing shapeshifter changed into a wolf spider
  7196 | D:9      | XOM: confuse monster(s)
  7196 | D:9      | Noticed a sea snake
  7196 | D:9      | a wolf spider changed into a sea snake
  7200 | D:9      | a sea snake changed into a slime creature
  7202 | D:9      | Noticed a glowing shapeshifter
  7202 | D:9      | a slime creature changed into a glowing shapeshifter
  7202 | D:9      | Noticed a lindwurm
  7202 | D:9      | a glowing shapeshifter changed into a lindwurm
  7203 | D:9      | Banished a lindwurm
  7322 | D:9      | XOM: god gift: scale mail {god gift}
  7386 | D:9      | XOM: divination: detect items
  7442 | D:8      | XOM: give mutation
  7442 | D:8      | Gained mutation: Your body sometimes deteriorates upon
                  | taking damage. [Xom's mischief]
  7534 | D:10     | Entered Level 10 of the Dungeon
  7568 | D:10     | XOM: enchant monster (bad)
  7573 | D:10     | XOM: noise
  7578 | D:10     | Reached skill level 9 in Fighting
  7858 | D:10     | Noticed Sonja
  7873 | D:10     | Lost mutation: Your muscles are strong. (Str +2) [potion of
                  | mutation]
  7873 | D:10     | Lost mutation: Your flesh is heat resistant. (rF+) [potion
                  | of mutation]
  7873 | D:10     | Lost mutation: Your body sometimes deteriorates upon taking
                  | damage. [potion of mutation]
  7873 | D:10     | Gained mutation: Your spells are a little harder to cast,
                  | but a little more powerful. [potion of mutation]
  7888 | D:10     | Killed Sonja
  8058 | D:10     | Reached XP level 11. HP: 89/89 MP: 11/11
  8114 | D:10     | XOM: summons 4 hostile shadow creatures
  8165 | D:10     | Noticed Erica
  8180 | D:10     | XOM: noise
  8182 | D:10     | XOM: swap monsters
  8186 | D:10     | Killed Erica
  8251 | D:10     | XOM: summons 6 hostile demons
  8252 | D:10     | Noticed a sixfirhy
  8513 | D:10     | Found a staircase to the Lair.
  8577 | Lair:1   | Entered Level 1 of the Lair of Beasts
  8581 | Lair:1   | XOM: polymorph wyvern -> blink frog
  8585 | Lair:1   | XOM: noise
  8597 | Lair:1   | XOM: polymorph bullfrog -> wyvern
  8599 | Lair:1   | Reached skill level 10 in Fighting
  8616 | Lair:1   | Reached skill level 10 in Armour
  8640 | Lair:1   | XOM: give mutations
  8640 | Lair:1   | Gained mutation: You have an increased reservoir of magic.
                  | (+10% MP) [Xom's mischief]
  8640 | Lair:1   | Gained mutation: Armour fits poorly on your strangely
                  | shaped body. [Xom's mischief]
  8640 | Lair:1   | Lost mutation: You are mostly covered in iridescent scales.
                  | (AC +4) [Xom's mischief]
  8640 | Lair:1   | Lost mutation: You are partially covered in iridescent
                  | scales. (AC +2) [Xom's mischief]
  8658 | Lair:1   | XOM: confuse monster(s)
  8663 | Lair:1   | XOM: cast spell 'Dispersal'
  8666 | Lair:1   | XOM: cleaving
  8727 | Lair:1   | Noticed a six-headed hydra
  8727 | Lair:1   | Noticed an alligator
  8727 | Lair:1   | a six-headed hydra changed into an alligator
  8727 | Lair:1   | XOM: polymorph six-headed hydra -> alligator
  8728 | Lair:1   | XOM: scenery: create altars
  8752 | Lair:1   | Noticed a five-headed hydra
  8752 | Lair:1   | XOM: divination: detect items
  8759 | Lair:1   | XOM: divination: detect items
  8763 | Lair:1   | XOM: divination: magic mapping
  8766 | Lair:1   | XOM: cast spell 'Death Channel'
  8767 | Lair:1   | Killed an alligator
  8767 | Lair:1   | XOM: divine lightning
  8774 | Lair:1   | Killed a five-headed hydra
  8878 | Lair:1   | XOM: cleaving
  8893 | Lair:1   | Reached skill level 10 in Axes
  9048 | Lair:1   | Noticed a salamander
  9048 | Lair:1   | a cane toad changed into a salamander
  9048 | Lair:1   | XOM: polymorph cane toad -> salamander
  9050 | Lair:1   | XOM: cleaving
  9056 | Lair:1   | Killed a salamander
  9057 | Lair:1   | Reached skill level 11 in Fighting
  9304 | Lair:2   | XOM: polymorph cane toad -> polar bear
  9338 | Lair:2   | Noticed a death yak
  9339 | Lair:2   | XOM: destruction
  9339 | Lair:2   | Noticed a death yak
  9339 | Lair:2   | Noticed a death yak
  9340 | Lair:2   | Noticed a death yak
  9341 | Lair:2   | Noticed a death yak
  9345 | Lair:2   | XOM: cast spell 'Summon Mana Viper'
  9357 | Lair:2   | XOM: summons friendly smoke demon
  9440 | Lair:2   | Found a staircase to the Swamp.
  9445 | Lair:2   | XOM: enchant monster (bad)
  9564 | Lair:2   | XOM: draining
  9565 | Lair:2   | Reached XP level 12. HP: 86/87 MP: 13/13
  9619 | Lair:2   | XOM: stat loss: -1 Dex (12/13)
  9680 | Lair:2   | Noticed a shambling mangrove
  9680 | Lair:2   | an oklob plant changed into a shambling mangrove
  9680 | Lair:2   | XOM: polymorph oklob plant -> shambling mangrove
  9681 | Lair:2   | XOM: scenery: create altars
  9684 | Lair:2   | XOM: summons 12 friendly demons
  9719 | Lair:2   | XOM: confuse monster(s)
  9726 | Lair:2   | Killed a death yak
  9731 | Lair:2   | XOM: cast spell 'Summon Mana Viper'
  9738 | Lair:2   | HP: 2/96 [constriction (7)]
  9739 | Lair:2   | Killed a shambling mangrove
  9745 | Lair:2   | XOM: enchant monster (bad)
  9753 | Lair:2   | Killed a death yak
  9755 | Lair:2   | XOM: potion effect (heal wounds)
  9765 | Lair:2   | Banished a death yak
  9781 | Lair:2   | Killed a death yak
  9797 | Lair:2   | Killed a death yak
  9798 | Lair:2   | Reached skill level 12 in Fighting
  9799 | Lair:2   | XOM: stat loss: -1 Str (32/33)
  9806 | Lair:2   | XOM: blink monster(s)
  9881 | Lair:2   | Noticed a swamp dragon
  9896 | Lair:2   | XOM: give mutations
  9896 | Lair:2   | Lost mutation: You have sharp toenails. [Xom's mischief]
  9896 | Lair:2   | Gained mutation: You have hidden genetic potential. [Xom's
                  | mischief]
  9896 | Lair:2   | Gained mutation: You are weak. (Str -2) [Xom's mischief]
  9896 | Lair:2   | Gained mutation: You have very sharp teeth. [Xom's
                  | mischief]
  9902 | Lair:2   | Lost mutation: Your spells are a little harder to cast, but
                  | a little more powerful. [potion of mutation]
  9902 | Lair:2   | Lost mutation: You are weak. (Str -2) [potion of mutation]
  9902 | Lair:2   | Gained mutation: You are frail. (-10% HP) [potion of
                  | mutation]
  9904 | Lair:2   | HP: 3/91 [poisoned by a swamp drake (noxious blast)]
  9905 | Lair:2   | HP: 1/91 [poisoned by a swamp drake (noxious blast)]
  9906 | Lair:2   | Succumbed to a swamp drake's noxious blast

Illustrated notes

Levels and vault maps discovered:
D:1:      dpeg_arrival_tiny_c, layout_rooms,
          hellmonk_ecumenical_altar_defaced_shrine, chequers_hall_statues_y
D:2:      layout_basic, serial_glass, glass_columns_a, glass_columns_a
D:3:      layout_basic, mainiacjoe_overflow_surrounded_room,
          guppyfry_early_orc_mine
D:4:      layout_basic, nicolae_wu_jian_wuxing_cycle,
          minmay_temple_entry_statues_pillars, serial_bayou_crossing
D:5:      layout_basic, lightli_temple_of_fire, serial_shops, shop_fountains,
          nicolae_figureground_pulse, uniq_ijyb
D:6:      layout_basic, mainiacjoe_overflow_six_doors_small,
          mainiacjoe_overflow_big_doors, mainiacjoe_overflow_swirl, uniq_maggie,
          uniq_duvessa, uniq_grinder
D:7:      layout_loops_corners, david_defended_altar_orc
D:8:      layout_basic, mainiacjoe_overflow_boulevard
D:9:      layout_basic, mainiacjoe_overflow_tiny_flanked,
          chequers_serial_rivers_micro_d, nicolae_zen_rock_garden, uniq_joseph
D:10:     layout_stronghold, dpeg_oklobed_lair, uniq_erica, uniq_sonja
Lair:1:   layout_hall_layers
Lair:2:   layout_concentric_octagons, swamp_mist, pond

Skill      XL: |  1  2  3  4  5  6  7  8  9 10 11 12 |
---------------+-------------------------------------+-----
Dodging        | 1 2 3 4 5 |  5.0
Armour         | 3 4 5 7 9 10 11 | 11.9
Fighting       | 4 5 6 7 9 11 12 | 12.1
Axes           | 4 5 7 8 10 11 | 11.1
Shields        | 1 3 5 |  5.0

Action                   |  1- 3 |  4- 6 |  7- 9 | 10-12 || total
-------------------------+-------+-------+-------+-------++-------
Melee: Hand axe          |    96 |   113 |   307 |   612 ||  1128
       Punch             |     1 |     2 |     1 |       ||     4
       Whip              |       |       |       |     4 ||     4
       Bite              |       |       |       |     2 ||     2
 Abil: Dig               |       |       |       |     2 ||     2
Evoke: Wand              |       |       |       |     7 ||     7
  Use: Scroll            |     2 |       |     2 |    11 ||    15
       Potion            |       |       |       |    17 ||    17
 Stab: Sleeping          |     1 |       |       |       ||     1
       Distracted        |       |     1 |       |     1 ||     2
       Paralysed         |       |       |     2 |     9 ||    11
       Invisible         |       |       |       |     6 ||     6
       Confused          |       |       |       |     3 ||     3
Armor: Leather armour    |    34 |    12 |       |       ||    46
       Chain mail        |       |    38 |   151 |   324 ||   513
       Skin              |       |       |       |    22 ||    22
Dodge: Dodged            |    75 |    64 |   178 |   410 ||   727
Block: Kite shield       |       |       |   156 |   364 ||   520

Table legend: (Time is in decaauts)
 A = Elapsed time spent in this place.
 B = Non-inter-level travel time spent in this place.
 C = Inter-level travel time spent in this place.
 D = Time resting spent in this place.
 E = Time spent auto-exploring this place.
 F = Levels seen in this place.
 G = Mean time per level.
                   A        B        C        D        E       F      G
               +--------+--------+--------+--------+--------+-----+--------+
         Total |   9966 |   9357 |    609 |    348 |   6691 |  12 |  830.5 |
       Dungeon |   8660 |   8115 |    545 |    300 |   6079 |  10 |  866.0 |
          Lair |   1306 |   1243 |     63 |     48 |    612 |   2 |  653.0 |
               +--------+--------+--------+--------+--------+-----+--------+

Top non-repeatable levels by time:
     D:6: 1163 daAuts
     D:7: 1152 daAuts
    D:10: 1042 daAuts
     D:2: 1030 daAuts
     D:3: 973 daAuts
     D:5: 910 daAuts
     D:9: 800 daAuts
     D:4: 789 daAuts
  Lair:1: 740 daAuts
  Lair:2: 565 daAuts
     D:8: 518 daAuts
     D:1: 280 daAuts
